 Dungeon Crawl Stone Soup version 0.28-a0-247-gb8bfbab023 (webtiles) character file.

Game seed: 1634726901910552280

98 Spaninq the Insei (level 4, -5/37 HPs)
             Began as a Draconian Transmuter on Aug 25, 2021.
             Slain by an iguana (11 damage)
             ... on level 5 of the Dungeon.
             The game lasted 00:05:21 (2036 turns).

Spaninq the Insei (Draconian Transmuter)            Turns: 2036, Time: 00:05:21

Health: -5/37      AC:  5    Str: 12    XL:     4   Next: 44%
Magic:  5/7        EV: 12    Int: 14    God:
Gold:   89         SH:  0    Dex: 12    Spells: 4/7 levels left

rFire   . . .      SeeInvis .     - Unarmed
rCold   . . .      Faith    .   (no shield)
rNeg    . . .      Spirit   .   (armour unavailable)
rPois   .          Reflect  .   (helmet currently unavailable)
rElec   .          Harm     .   (no cloak)
rCorr   .          Rampage  .   (no gloves)
Will    .....                   (boots currently unavailable)
Stlth   +.........              (no amulet)
HPRegen 0.12/turn               (no ring)
MPRegen 0.10/turn               (no ring)

@: appendages (expiring), wereblooded
A: horns 2, talons 2, AC +5, unfitting armour, cold-blooded
a: End Transformation


You were on level 5 of the Dungeon.
You had temporarily grown beastly horns and talons.
You visited 1 branch of the dungeon, and saw 4 of its levels.

You collected 89 gold pieces.

Inventory:

Scrolls
 a - a scroll of fear {unknown}
 b - a scroll of amnesia {unknown}
 d - 2 scrolls of identify {unknown}
Potions
 c - a potion of invisibility
 e - a potion of resistance {unknown}


   Skills:
 + Level 2.3 Fighting
 + Level 2.6 Dodging
 * Level 4.3 Unarmed Combat
 - Level 2.0 Spellcasting
 - Level 2.0 Transmutations


You had 4 spell levels left.
You knew the following spells:

 Your Spells              Type           Power      Damage    Failure   Level
a - Beastly Appendage     Tmut           14%        N/A       11%         1
b - Wereblood             Tmut           7%         N/A       16%         2

Your spell library contained the following spells:

 Spells                   Type           Power      Damage    Failure   Level
 Spider Form              Tmut/Pois      2%         N/A       43%         3
 Ice Form                 Ice/Tmut       4%         N/A       83%         4


Dungeon Overview and Level Annotations

Branches:
Dungeon (3/15)

Altars:

Shops:
D:2 [


Innate Abilities, Weirdness & Mutations

You have temporarily grown beastly horns and talons.
Your plain brown scales are hard. (AC +5)
You cannot fit into any form of body armour.
You are cold-blooded and may be slowed by cold attacks.


Message History

Confirm with . or Enter, or press ? or * to list all spells.
Your blood is infused with primal strength.
The iguana barely misses you.
You hit the iguana but do no damage. The iguana misses you.
You hit the iguana.
The iguana is moderately wounded.
The iguana bites you!
You hit the iguana.
The iguana is heavily wounded.
The iguana bites you but does no damage.
You hit the iguana but do no damage.
You headbutt the iguana, but do no damage.
The iguana is heavily wounded.
Your transformation is almost over.
The iguana bites you but does no damage.
An orc comes into view. It is wielding a +0 flail.
You hit the iguana but do no damage. You claw the iguana, but do no damage.
The iguana is heavily wounded.
The iguana misses you.
You hit the iguana but do no damage. Your headbutt misses the iguana.
The iguana is heavily wounded.
The iguana barely misses you.
You barely miss the iguana.
The iguana is heavily wounded.
The iguana bites you!
You hit the iguana but do no damage.
You headbutt the iguana, but do no damage.
You tail-slap the iguana, but do no damage.
The iguana is heavily wounded.
The iguana bites you.
* * * LOW HITPOINT WARNING * * *
You hit the iguana. Your kick misses the iguana.
The iguana is severely wounded.
The iguana bites you.
* * * LOW HITPOINT WARNING * * *
You hit the iguana but do no damage.
You tail-slap the iguana, but do no damage.
The iguana is severely wounded.
The iguana bites you!
You die...

#.##..#####.
#...........
#########.....##..#
#......#.....##
#.......#
#oo####..# ##o##
##.# ##l## #.# #@##
.# #.## ..# ###


You could see an iguana and 3 orcs.

Vanquished Creatures
  Robin (D:2)
  A gnoll (D:1)
  2 adders
  2 dart slugs
  2 endoplasms
  3 giant cockroaches
  14 goblins
  7 hobgoblins
  4 kobolds
  7 ball pythons
  6 bats
  3 frilled lizards
  2 rats (D:2)
54 creatures vanquished.

Notes
Turn   | Place    | Note
-------+----------+-------------------------------------------
     0 | D:1      | Spaninq the Draconian Transmuter began the quest for the
                  | Orb.
     0 | D:1      | Reached XP level 1. HP: 16/16 MP: 3/3
   198 | D:1      | Reached XP level 2. HP: 23/23 MP: 3/5
   207 | D:1      | Learned a level 2 spell: Wereblood
   624 | D:1      | Reached XP level 3. HP: 29/29 MP: 3/6
   684 | D:1      | Found a faded altar of an unknown god.
   924 | D:2      | Noticed Robin
   957 | D:1      | Reached skill level 4 in Unarmed Combat
  1073 | D:2      | Killed Robin
  1074 | D:2      | Reached XP level 4. HP: 28/36 MP: 4/7
  1436 | D:2      | Found Irajifil's Antique Armour Shoppe.
  2016 | D:3      | You fall into a shaft and drop 2 floors!
  2016 | D:5      | Entered Level 5 of the Dungeon
  2036 | D:5      | Slain by an iguana

Illustrated notes

Levels and vault maps discovered:
D:1:      dpeg_arrival_boxes_within_box, layout_rooms,
          dreamdust_ecumenical_altar_angels_and_demons
D:2:      layout_loops_cross, serial_shops, shop, kennysheep_generic_room_9,
          uniq_robin
D:3:      layout_basic
D:5:      layout_layer_cave, minmay_temple_entry_stoned_glass

Skill      XL: |  1  2  3 |
---------------+----------+-----
Dodging        | 2 |  2.6
Fighting       | 2 |  2.3
Unarmed Combat | 4 |  4.3
Spellcasting   | |  2.0
Transmutations | |  2.0

Action                   |  1- 3 |  4- 6 || total
-------------------------+-------+-------++-------
Melee: Unarmed           |    88 |    46 ||   134
       Kick              |    12 |     5 ||    17
       Tailslap          |     7 |     5 ||    12
       Headbutt          |     4 |     5 ||     9
       Punch             |     2 |       ||     2
 Cast: Beastly Appendage |    17 |    14 ||    31
       Wereblood         |     5 |     1 ||     6
 Stab: Sleeping          |     1 |       ||     1
Armor: Skin              |    30 |    16 ||    46
Dodge: Dodged            |    62 |    24 ||    86

Table legend: (Time is in decaauts)
 A = Elapsed time spent in this place.
 B = Non-inter-level travel time spent in this place.
 C = Inter-level travel time spent in this place.
 D = Time resting spent in this place.
 E = Time spent auto-exploring this place.
 F = Levels seen in this place.
 G = Mean time per level.
                   A        B        C        D        E       F      G
               +--------+--------+--------+--------+--------+-----+--------+
         Total |   2027 |   1966 |     61 |    159 |   1398 |   4 |  506.8 |
       Dungeon |   2027 |   1966 |     61 |    159 |   1398 |   4 |  506.8 |
               +--------+--------+--------+--------+--------+-----+--------+

Top non-repeatable levels by time:
     D:1: 1024 daAuts
     D:2: 858 daAuts
     D:3: 126 daAuts
     D:5: 19 daAuts
